SNL (28 & UNDER)
SANTA FE DIABLOS @ WICHITA WRANGLERS
07/28/2030
 
TOP OF THE 1ST
Santa Fe Diablos batting - Pitching for Wichita Wranglers : RHP Tony Cruz
Pitching: RHP Tony Cruz
Batting: LHB David Hernández 0-0: Ground out 6-3 (Groundball, 6S)
Batting: LHB Juan Torres 0-0: Ball
1-0: Foul Ball, location: 2F
1-1: Ground out 4-3 (Groundball, 4S)
Batting: LHB Merrill Erickson 0-0: Ball
1-0: Ground out 6-3 (Groundball, 6)
Top of the 1st over - 0 runs, 0 hits, 0 errors, 0 left on base; Santa Fe 0 - Wichita 0
BOTTOM OF THE 1ST
Wichita Wranglers batting - Pitching for Santa Fe Diablos : RHP Jesús Medina
Pitching: RHP Jesús Medina
Batting: LHB Terry Neal 0-0: Ball
1-0: Ground out 6-3 (Groundball, 6S)
Batting: RHB Ricardo Velásquez 0-0: Called Strike
0-1: Foul Ball, location: 2F
0-2: Ball
1-2: Ball
2-2: Strikes out swinging
Batting: LHB Chris Gibson 0-0: Called Strike
0-1: SINGLE (Flyball, 89S)
Batting: RHB Taylor Justice 0-0: Ball
1-0: Ball
2-0: Called Strike
2-1: Ball
3-1: Fly out, F9 (Flyball, 89M)
Bottom of the 1st over - 0 runs, 1 hit, 0 errors, 1 left on base; Santa Fe 0 - Wichita 0
TOP OF THE 2ND
Santa Fe Diablos batting - Pitching for Wichita Wranglers : RHP Tony Cruz
Batting: LHB Arturo Rodledo 0-0: Ball
1-0: Ball
2-0: Ball
3-0: Called Strike
3-1: Called Strike
3-2: Foul Ball, location: 2F
3-2: Base on Balls
Batting: RHB Flint Todd 0-0: Called Strike
0-1: Ball
1-1: Foul Ball, location: 2F
1-2: Ball
2-2: Foul Ball, location: 2F
2-2: Foul Ball, location: 2F
2-2: SINGLE (Flyball, 78M)
Arturo Rodledo to second
Batting: RHB Chris Rice 0-0: Called Strike
0-1: Ball
1-1: Ball
2-1: Foul Ball, location: 2F
2-2: Fly out, F2 (Popup, 23F)
Batting: RHB Luis Mercado 0-0: Ball
1-0: Swinging Strike
1-1: Ball
2-1: Called Strike
2-2: Ball
3-2: Foul Ball, location: 2F
3-2: Foul Ball, location: 2F
3-2: Base on Balls
Arturo Rodledo to third
Flint Todd to second
Batting: LHB Luis Gallegos 0-0: Ball
1-0: Called Strike
1-1: Fly out, F7 (Flyball, 7S)
Batting: RHB Nate Atkinson 0-0: Ground out U3 (Groundball, 34)
Top of the 2nd over - 0 runs, 1 hit, 0 errors, 3 left on base; Santa Fe 0 - Wichita 0
BOTTOM OF THE 2ND
Wichita Wranglers batting - Pitching for Santa Fe Diablos : RHP Jesús Medina
Batting: LHB Travis Jefferson 0-0: Ball
1-0: Ball
2-0: Ground out 6-3 (Groundball, 6)
Batting: RHB Travis Ezell 0-0: Ball
1-0: Fly out, F9 (Flyball, 9LS)
Batting: LHB John Lynch 0-0: Ball
1-0: Ball
2-0: Ball
3-0: Called Strike
3-1: Foul Ball, location: 2F
3-2: Foul Ball, location: 2F
3-2: Strikes out swinging
Bottom of the 2nd over - 0 runs, 0 hits, 0 errors, 0 left on base; Santa Fe 0 - Wichita 0
TOP OF THE 3RD
Santa Fe Diablos batting - Pitching for Wichita Wranglers : RHP Tony Cruz
Batting: LHB David Hernández 0-0: Ball
1-0: Foul Ball, location: 2F
1-1: Ball
2-1: Swinging Strike
2-2: Foul Ball, location: 2F
2-2: Ball
3-2: Hit by Pitch
Batting: LHB Juan Torres 0-0: Called Strike
0-1: Ball
1-1: Called Strike
David Hernández is caught stealing 2nd base
1-2: Ball
2-2: Foul Ball, location: 2F
2-2: Ball
3-2: Base on Balls
Batting: LHB Merrill Erickson 0-0: Foul Ball, location: 2F
0-1: Ball
1-1: Called Strike
1-2: Ball
Juan Torres steals 2nd base
2-2: Ground out 4-3 (Groundball, 4)
Juan Torres to third
Batting: LHB Arturo Rodledo 0-0: Ball
1-0: Foul Ball, location: 2F
1-1: Foul Ball, location: 2F
1-2: Ball
2-2: Foul Ball, location: 2F
2-2: Ball
3-2: Base on Balls
Batting: RHB Flint Todd 0-0: Called Strike
0-1: Ball
1-1: Swinging Strike
1-2: Ball
2-2: Ball
3-2: Foul Ball, location: 2F
3-2: Strikes out swinging
Top of the 3rd over - 0 runs, 0 hits, 0 errors, 2 left on base; Santa Fe 0 - Wichita 0
BOTTOM OF THE 3RD
Wichita Wranglers batting - Pitching for Santa Fe Diablos : RHP Jesús Medina
Batting: SHB Dan Dunn 0-0: Foul Ball, location: 2F
0-1: Foul Ball, location: 2F
0-2: Fly out, F6 (Popup, P)
Batting: RHB Miguel García 0-0: Foul Ball, location: 2F
0-1: Called Strike
0-2: Strikes out looking
Batting: LHB Terry Neal 0-0: Called Strike
0-1: Ball
1-1: Swinging Strike
1-2: Fly out, F6 (Line Drive, 6M)
Bottom of the 3rd over - 0 runs, 0 hits, 0 errors, 0 left on base; Santa Fe 0 - Wichita 0
TOP OF THE 4TH
Santa Fe Diablos batting - Pitching for Wichita Wranglers : RHP Tony Cruz
Batting: RHB Chris Rice 0-0: Called Strike
0-1: Swinging Strike
0-2: Strikes out swinging
Batting: RHB Luis Mercado 0-0: Fly out, F7 (Line Drive, 7D)
Batting: LHB Luis Gallegos 0-0: Called Strike
0-1: Foul Ball, location: 2F
0-2: Ball
1-2: Ball
2-2: Strikes out swinging
Top of the 4th over - 0 runs, 0 hits, 0 errors, 0 left on base; Santa Fe 0 - Wichita 0
BOTTOM OF THE 4TH
Wichita Wranglers batting - Pitching for Santa Fe Diablos : RHP Jesús Medina
Batting: RHB Ricardo Velásquez 0-0: Foul Ball, location: 2F
0-1: Foul Ball, location: 2F
0-2: Strikes out swinging passed ball, reaches first!
Batting: LHB Chris Gibson 0-0: Foul Ball, location: 2F
0-1: Ball
1-1: Ball
2-1: SINGLE (Flyball, 7S)
Ricardo Velásquez to second
Batting: RHB Taylor Justice 0-0: Grounds into double play, 6-4-3 (Groundball, 6)
Ricardo Velásquez to third
Batting: LHB Travis Jefferson 0-0: Ball
1-0: Called Strike
1-1: Ball
2-1: Swinging Strike
2-2: Strikes out swinging
Bottom of the 4th over - 0 runs, 1 hit, 0 errors, 1 left on base; Santa Fe 0 - Wichita 0
TOP OF THE 5TH
Santa Fe Diablos batting - Pitching for Wichita Wranglers : RHP Tony Cruz
Batting: RHB Nate Atkinson 0-0: Ball
1-0: Ball
2-0: Ground out 1-3 (Groundball, 15S)
Batting: LHB David Hernández 0-0: Called Strike
0-1: Ground out 3-1 (Groundball, 34S)
Batting: LHB Juan Torres 0-0: Ball
1-0: Ball
2-0: Foul Ball, location: 2F
2-1: Ball
3-1: Called Strike
3-2: TRIPLE (Line Drive, 8LXD)
Batting: LHB Merrill Erickson 0-0: Ball
1-0: Called Strike
1-1: Foul Ball, location: 2F
1-2: Foul Ball, location: 2F
1-2: Fly out, F8 (Flyball, 8LD)
Top of the 5th over - 0 runs, 1 hit, 0 errors, 1 left on base; Santa Fe 0 - Wichita 0
BOTTOM OF THE 5TH
Wichita Wranglers batting - Pitching for Santa Fe Diablos : RHP Jesús Medina
Batting: RHB Travis Ezell 0-0: Ball
1-0: Ball
2-0: Fly out, F8 (Flyball, 8LD)
Batting: LHB John Lynch 0-0: Ball
1-0: Swinging Strike
1-1: Ball
2-1: Ball
3-1: SINGLE (Flyball, 34D)
Batting: SHB Dan Dunn 0-0: Ball
1-0: Foul Ball, location: 2F
1-1: Ball
2-1: Foul Ball, location: 2F
2-2: Foul Ball, location: 2F
2-2: Fly out, F7 (Flyball, 7S)
Batting: RHB Miguel García 0-0: Ball
1-0: Swinging Strike
1-1: Foul Ball, location: 2F
1-2: Foul Ball, location: 2F
1-2: Foul Ball, location: 2F
1-2: Foul Ball, location: 2F
1-2: Ball
2-2: Ground out 4-3 (Groundball, 34)
Bottom of the 5th over - 0 runs, 1 hit, 0 errors, 1 left on base; Santa Fe 0 - Wichita 0
TOP OF THE 6TH
Santa Fe Diablos batting - Pitching for Wichita Wranglers : RHP Tony Cruz
Pitching: RHP Héctor Bernard
Batting: LHB Arturo Rodledo 0-0: Ball
1-0: Ball
2-0: Swinging Strike
2-1: Ball
3-1: Fly out, F7 (Flyball, 7)
Batting: RHB Flint Todd 0-0: Ball
1-0: Ball
2-0: Foul Ball, location: 2F
2-1: Ball
3-1: Foul Ball, location: 2F
3-2: Base on Balls
Batting: RHB Chris Rice 0-0: Ball
1-0: Ball
2-0: Grounds into double play, 4-6-3 (Groundball, 34)
Top of the 6th over - 0 runs, 0 hits, 0 errors, 0 left on base; Santa Fe 0 - Wichita 0
BOTTOM OF THE 6TH
Wichita Wranglers batting - Pitching for Santa Fe Diablos : RHP Jesús Medina
Batting: LHB Terry Neal 0-0: Ball
1-0: Called Strike
1-1: Swinging Strike
1-2: Strikes out swinging
Batting: RHB Ricardo Velásquez 0-0: Ball
1-0: Called Strike
1-1: Foul Ball, location: 2F
1-2: Foul Ball, location: 2F
1-2: Reached on error, E5 (Groundball, 56S)
Batting: LHB Chris Gibson 0-0: Foul Ball, location: 2F
0-1: Swinging Strike
0-2: Ball
1-2: Foul Ball, location: 2F
1-2: Ball
2-2: Strikes out swinging
Batting: RHB Taylor Justice 0-0: Swinging Strike
0-1: SINGLE (Flyball, 8LS)
Ricardo Velásquez to second
Runner from 2nd tries for 3rd, SAFE, no throw
Batting: LHB Travis Jefferson 0-0: Called Strike
0-1: Foul Ball, location: 2F
0-2: Ball
Wild Pitch!
Ricardo Velásquez scores
Taylor Justice to second
1-2: Foul Ball, location: 2F
1-2: Strikes out looking
Bottom of the 6th over - 1 run, 1 hit, 1 error, 1 left on base; Santa Fe 0 - Wichita 1
TOP OF THE 7TH
Santa Fe Diablos batting - Pitching for Wichita Wranglers : RHP Héctor Bernard
Batting: RHB Luis Mercado 0-0: Foul Ball, location: 2F
0-1: Fly out, F7 (Flyball, 7D)
Batting: LHB Luis Gallegos 0-0: Foul Ball, location: 2F
0-1: Foul Ball, location: 2F
0-2: Ball
1-2: Ball
2-2: Foul Ball, location: 2F
2-2: DOUBLE (Flyball, 7LD)
Batting: RHB Nate Atkinson 0-0: Foul Ball, location: 2F
0-1: Ball
1-1: Called Strike
1-2: Ground out 4-3 (Groundball, 4)
Luis Gallegos to third
Batting: LHB David Hernández 0-0: Called Strike
0-1: Called Strike
0-2: Foul Ball, location: 2F
0-2: Foul Ball, location: 2F
0-2: Fly out, F6 (Popup, 6MS)
Top of the 7th over - 0 runs, 1 hit, 0 errors, 1 left on base; Santa Fe 0 - Wichita 1
BOTTOM OF THE 7TH
Wichita Wranglers batting - Pitching for Santa Fe Diablos : RHP Jesús Medina
Batting: RHB Travis Ezell 0-0: DOUBLE (Line Drive, 89XD)
Batting: LHB John Lynch 0-0: Intentional Walk
Batting: SHB Dan Dunn 0-0: Sac Bunt - play at first, batter OUT! 1-4
Travis Ezell to third
John Lynch to second
Batting: RHB Miguel García 0-0: Called Strike
0-1: Ball
1-1: Fly out, F7 (Flyball, 78M)
Runner from 3rd tags up, OUT at HOME
Bottom of the 7th over - 0 runs, 1 hit, 0 errors, 1 left on base; Santa Fe 0 - Wichita 1
TOP OF THE 8TH
Santa Fe Diablos batting - Pitching for Wichita Wranglers : RHP Héctor Bernard
Batting: LHB Juan Torres 0-0: Ball
1-0: Swinging Strike
1-1: Ball
2-1: Ball
3-1: Base on Balls
Pitching: LHP Ron Sosa
Batting: LHB Merrill Erickson 0-0: Called Strike
0-1: Ball
1-1: Foul Ball, location: 2F
1-2: Foul Ball, location: 2F
1-2: Foul Ball, location: 2F
1-2: Strikes out swinging
Pinch Hitting: RHB Nick Vogel 0-0: Ball
1-0: Called Strike
1-1: Ball
2-1: Ball
3-1: Base on Balls
Juan Torres to second
Batting: RHB Flint Todd 0-0: Swinging Strike
0-1: Ball
1-1: Grounds into double play, 6-4-3 (Groundball, 6)
Top of the 8th over - 0 runs, 0 hits, 0 errors, 1 left on base; Santa Fe 0 - Wichita 1
BOTTOM OF THE 8TH
Wichita Wranglers batting - Pitching for Santa Fe Diablos : RHP Jesús Medina
Now at 3B: Nick Vogel
Batting: LHB Terry Neal 0-0: Foul Ball, location: 2F
0-1: Ball
1-1: Ball
2-1: Foul Ball, location: 2F
2-2: Reached on error, E1 (Groundball, 13)
Pitching: LHP Bernardo Dodson
Batting: RHB Ricardo Velásquez 0-0: Intentional Walk
Pinch Hitting: RHB Oliver Todd 0-0: Foul Ball, location: 2F
0-1: Grounds into double play, 4-6-3 (Groundball, 4)
Terry Neal to third
Batting: RHB Taylor Justice 0-0: Foul Ball, location: 2F
0-1: Swinging Strike
0-2: Ball
1-2: Ball
2-2: Ball
3-2: Base on Balls
Batting: LHB Travis Jefferson 0-0: Ball
1-0: Foul Ball, location: 2F
1-1: Ball
2-1: Ball
3-1: Foul Ball, location: 2F
3-2: Foul Ball, location: 2F
3-2: Foul Ball, location: 2F
3-2: Strikes out swinging
Bottom of the 8th over - 0 runs, 0 hits, 1 error, 2 left on base; Santa Fe 0 - Wichita 1
TOP OF THE 9TH
Santa Fe Diablos batting - Pitching for Wichita Wranglers : LHP Ron Sosa
Pitching: LHP Pedro Rodríguez
Now at 1B: Juan Glaviz
Now at SS: Julián Espinoza
Now in LF: Oliver Todd
Batting: RHB Chris Rice 0-0: Called Strike
0-1: Ball
1-1: Fly out, F9 (Flyball, 9)
Batting: RHB Luis Mercado 0-0: Foul Ball, location: 2F
0-1: Swinging Strike
0-2: Ball
1-2: Strikes out looking
Pinch Hitting: RHB Bruce Foley 0-0: Ball
1-0: Ball
2-0: Ball
3-0: Called Strike
3-1: Base on Balls
Pinch Runner at 1st Carl O'Dell:
Batting: RHB Nate Atkinson 0-0: Ball
1-0: Ball
2-0: Foul Ball, location: 2F
2-1: Called Strike
2-2: Ground out 5-3 (Groundball, 56S)
Top of the 9th over - 0 runs, 0 hits, 0 errors, 1 left on base; Santa Fe 0 - Wichita 1
Saturday, April 7th, 2018 - OOTP Baseball 18.8 Build 76